 Dungeon Crawl Stone Soup version 0.26-a0-778-g3fe0686644 (webtiles) character file.

Game seed: 14650003521785249319

2473 thag the Ruffian (level 9, -9/92 HPs)
             Began as a Troll Berserker on Nov 11, 2020.
             Was an Elder of Trog.
             Mangled by a five-headed hydra (10 damage)
             ... on level 7 of the Dungeon.
             The game lasted 00:24:57 (5015 turns).

thag the Ruffian (Troll Berserker)                  Turns: 5015, Time: 00:24:57

Health: -9/92      AC: 12    Str: 30    XL:     9   Next: 26%
Magic:  8/8        EV:  8    Int:  3    God:    Trog [****..]
Gold:   399        SH:  7    Dex:  9    Spells: 8/8 levels left

rFire    . . .     SeeInvis .   K - +0 trident
rCold    . . .     Faith    .   F - +0 kite shield
rNeg     . . .     Spirit   .   E - +0 swamp dragon scales
rPois    +         Reflect  .   (helmet restricted)
rElec    .         Harm     .   J - +0 cloak
rCorr    .         Rampage  .   (gloves unavailable)
MR       ++...                  (boots unavailable)
Stlth    ..........             (no amulet)
HPRegen  1.65/turn              (no ring)
MPRegen  0.11/turn              (no ring)

@: regenerating
A: large, unfitting armour, claws 3, regeneration 1, shaggy fur 1, tough skin 3
a: Berserk, Trog's Hand, Brothers in Arms, Renounce Religion


You were on level 7 of the Dungeon.
You worshipped Trog.
Trog was greatly pleased with you.
You visited 1 branch of the dungeon, and saw 8 of its levels.

You collected 399 gold pieces.

Inventory:

Hand Weapons
 K - a +0 trident (weapon)
Missiles
 s - 8 silver boomerangs (quivered)
 B - 3 javelins
Armour
 a - a +0 animal skin
 h - a +0 cloak
 A - a +0 ring mail
 E - +0 swamp dragon scales (worn)
 F - a +0 kite shield (worn)
 J - a +0 cloak (worn)
Jewellery
 e - an uncursed amulet of faith {unknown}
 g - an uncursed ring of stealth {unknown}
 j - a +4 ring of protection {unknown}
 w - an uncursed ring of protection from fire {unknown}
 z - an uncursed ring of see invisible {unknown}
 C - a +6 ring of dexterity {unknown}
 H - an uncursed ring of resist corrosion {unknown}
 I - an uncursed ring of flight {unknown}
Wands
 y - a wand of disintegration (7)
 G - a wand of random effects (12)
Scrolls
 b - 2 scrolls of teleportation {unknown}
 d - 6 scrolls of enchant weapon {unknown}
 k - 4 scrolls of remove curse {unknown}
 m - 4 scrolls of identify {unknown}
 p - a scroll of noise {unknown}
 q - 2 scrolls of blinking {unknown}
 r - a scroll of enchant armour {unknown}
 v - a scroll of immolation {unknown}
 x - a scroll of magic mapping {unknown}
Potions
 c - 3 potions of curing {unknown}
 f - 4 potions of haste {unknown}
 i - 3 potions of might {unknown}
 l - 2 potions of degeneration {unknown}
 n - a potion of heal wounds {unknown}
 o - 2 potions of flight {unknown}
 t - 2 potions of attraction {unknown}
 u - 2 potions of brilliance {unknown}
 D - a potion of mutation {unknown}


   Skills:
 + Level 6.5 Fighting
 + Level 6.5 Dodging
 + Level 7.9 Unarmed Combat


You had 8 spell levels left.
You didn't know any spells.
Your spell library was empty.

Dungeon Overview and Level Annotations

Branches:
Dungeon (8/15)             Temple (0/1) D:4
   Lair: D:8-11

Altars:
Hepliaklqana
Kikubaaqudgha
Sif Muna
Vehumet
Wu Jian
Xom

Shops:
D:6 ?


Innate Abilities, Weirdness & Mutations

You are too large for most types of armour.
You have claws for hands.
Your natural rate of healing is unusually fast.
You are covered in fur. (AC +1)
You have extremely tough skin. (AC +3)


Message History

* * * LOW HITPOINT WARNING * * *
You fail to use your ability.
The five-headed hydra barely misses you.
The five-headed hydra bites you!
* * * LOW HITPOINT WARNING * * *
The five-headed hydra bites you.
* * * LOW HITPOINT WARNING * * *
The five-headed hydra bites you.
* * * LOW HITPOINT WARNING * * *
You block the five-headed hydra's attack.
Your skin crawls.
You feel resistant to hostile enchantments.
The five-headed hydra bites you.
* * * LOW HITPOINT WARNING * * *
The five-headed hydra bites you but does no damage.
You block the five-headed hydra's attack.
The five-headed hydra bites you.
* * * LOW HITPOINT WARNING * * *
The five-headed hydra bites you!
You die...

.# ♣♣.♣ #.#.#..#)#...##.# .#
♣.♣♣ #.#.#[.###...##.# .#
♣♣.♣ #.#.#........##.# .#
##)## #.#.#........##.#####
.# #...#
#.#..[....<.......... .#
#...# #.#..##.####.##.#####
.# #..)# #.#..##......##.#
#. .# #####
#.#.D##########.# #. .#
#...@........##.####. .#
####...######.......... (#
#.##...# #..##.##.## )#
##### #.##...# #.....##>##
.# #)..#
#.##...######...####.## .#
#...# #...........#.#.##
#.##
.####...########.####.#.#..#
#.## ............(.....#
#.#.#..###.##
#####...#####.....#
#)#.#...##.##


You could see a five-headed hydra.

Vanquished Creatures
  Maggie (D:7)
  Eustachio (D:7)
  An ice beast (D:5)
  3 orc warriors
  3 sky beasts
  4 ogres
  Blork the orc (D:6)
  3 bullfrogs
  A gnoll sergeant (D:7)
  2 wights (D:7)
  A bullfrog zombie (D:6)
  3 hounds
  Crazy Yiuf (D:7)
  An orc priest (D:4)
  2 orc wizards (D:4)
  6 worker ants
  3 gnolls (D:6)
  A howler monkey skeleton (D:7)
  9 adders
  2 white imps (D:5)
  2 ufetubi
  An ooze (D:3)
  3 worms
  3 dart slugs
  4 leopard geckos
  18 orcs
  2 ball pythons
  6 giant cockroaches
  10 goblins
  4 hobgoblins
  2 jackals (D:1)
  4 quokkas
  7 bats
  4 frilled lizards
  6 kobolds
  23 rats
  A butterfly (D:4)
149 creatures vanquished.

Vanquished Creatures (others)
  5 fungi (D:7)
5 creatures vanquished.

Grand Total: 154 creatures vanquished

Notes
Turn   | Place    | Note
-------+----------+-------------------------------------------
     0 | D:1      | thag the Troll Berserker began the quest for the Orb.
     0 | D:1      | Reached XP level 1. HP: 22/22 MP: 0/0
   146 | D:1      | Reached XP level 2. HP: 29/29 MP: 1/1
   668 | D:2      | Reached XP level 3. HP: 36/36 MP: 2/2
   680 | D:2      | Reached ** piety under Trog
   708 | D:2      | Found a hazy altar of Hepliaklqana.
   713 | D:2      | Found a shimmering altar of Xom.
   713 | D:2      | Found an ornate altar of the Wu Jian Council.
  1338 | D:3      | Reached XP level 4. HP: 45/45 MP: 3/3
  1497 | D:3      | Reached *** piety under Trog
  1506 | D:3      | Reached skill level 4 in Unarmed Combat
  1623 | D:3      | Reached XP level 5. HP: 52/53 MP: 4/4
  1773 | D:4      | Found a staircase to the Ecumenical Temple.
  1972 | D:4      | Noticed an ogre
  1989 | D:4      | Killed an ogre
  1989 | D:4      | Reached XP level 6. HP: 60/62 MP: 5/5
  2046 | D:4      | Noticed an orc warrior
  2062 | D:4      | Killed an orc warrior
  2170 | D:4      | Reached skill level 5 in Unarmed Combat
  2170 | D:4      | Noticed an orc warrior
  2183 | D:4      | Killed an orc warrior
  2183 | D:4      | Reached XP level 7. HP: 44/70 MP: 6/6
  2379 | D:4      | Found a shimmering blue altar of Sif Muna.
  2382 | D:4      | Found an ancient bone altar of Kikubaaqudgha.
  2382 | D:4      | Found a radiant altar of Vehumet.
  2568 | D:5      | Entered Level 5 of the Dungeon
  3082 | D:5      | Reached skill level 6 in Unarmed Combat
  3181 | D:6      | Reached skill level 5 in Dodging
  3187 | D:6      | Reached skill level 5 in Fighting
  3247 | D:6      | Reached **** piety under Trog
  3247 | D:6      | Reached XP level 8. HP: 67/80 MP: 7/7
  3658 | D:6      | Found Edigat's Magic Scroll Shoppe.
  3728 | D:6      | Noticed Blork the orc
  3731 | D:6      | Killed Blork the orc
  4226 | D:7      | Noticed Maggie
  4247 | D:7      | Killed Maggie
  4247 | D:7      | Reached skill level 7 in Unarmed Combat
  4496 | D:7      | Noticed Eustachio
  4539 | D:7      | Reached XP level 9. HP: 89/89 MP: 8/8
  4547 | D:7      | Killed Eustachio
  4897 | D:7      | Found a runed translucent door.
  4898 | D:7      | Noticed Crazy Yiuf
  4904 | D:7      | Killed Crazy Yiuf
  4985 | D:8      | Noticed a five-headed hydra
  5014 | D:7      | HP: 2/92 [five-headed hydra (6)]
  5015 | D:7      | Mangled by a five-headed hydra

Illustrated notes

Levels and vault maps discovered:
D:1:      onia_arrival_pyramid, layout_basic
D:2:      layout_loops_ring, grunt_temple_overflow_open
D:3:      layout_rooms, interstate_on_off, minmay_rat_hole
D:4:      layout_loops_cross, grunt_temple_overflow_magic_moments,
          minmay_temple_entry_butterflies
D:5:      layout_layer_cave
D:6:      layout_cave_pods, serial_shops, nicolae_shop_trees, uniq_blork_the_orc
D:7:      layout_basic, sword_in_stone, uniq_crazy_yiuf_cottage, uniq_maggie
D:8:      layout_cave_pools, mrwooster_statue_mirror

Skill      XL: |  1  2  3  4  5  6  7  8 |
---------------+-------------------------+-----
Fighting       | 3 4 5 6 |  6.5
Dodging        | 3 4 5 6 |  6.5
Unarmed Combat | 4 5 6 7 |  7.9

Action                   |  1- 3 |  4- 6 |  7- 9 || total
-------------------------+-------+-------+-------++-------
Melee: Unarmed           |   105 |   120 |   252 ||   477
       Punch             |     2 |     3 |     3 ||     8
       Trident           |       |       |     1 ||     1
Invok: Trog's Hand       |       |     1 |     4 ||     5
       Berserk           |       |     1 |     3 ||     4
 Stab: Sleeping          |     1 |     2 |       ||     3
Armor: Animal skin       |    40 |    39 |    54 ||   133
       Swamp dragon scal |       |       |    46 ||    46
Dodge: Dodged            |    44 |    44 |    99 ||   187
Block: Kite shield       |       |       |    28 ||    28

Table legend: (Time is in decaauts)
 A = Elapsed time spent in this place.
 B = Non-inter-level travel time spent in this place.
 C = Inter-level travel time spent in this place.
 D = Time resting spent in this place.
 E = Time spent auto-exploring this place.
 F = Levels seen in this place.
 G = Mean time per level.
                   A        B        C        D        E       F      G
               +--------+--------+--------+--------+--------+-----+--------+
         Total |   5028 |   5028 |      0 |    380 |   3279 |   8 |  628.5 |
       Dungeon |   5028 |   5028 |      0 |    380 |   3279 |   8 |  628.5 |
               +--------+--------+--------+--------+--------+-----+--------+

Top non-repeatable levels by time:
     D:6: 1022 daAuts
     D:7: 845 daAuts
     D:4: 818 daAuts
     D:1: 656 daAuts
     D:2: 622 daAuts
     D:5: 563 daAuts
     D:3: 474 daAuts
     D:8: 25 daAuts
